Map: Traitor's Exile

Players

CmoaShobi

  • Race: Terran Terran
  • Spawn Location: 6:00

Van

  • Race: Protoss Protoss
  • Spawn Location: 5:00

ILIEKEGGPIE - Winner!

  • Race: Protoss Protoss
  • League: Platinum
  • Spawn Location: 9:00

BizMac - Winner!

  • Race: Terran Terran
  • Spawn Location: 12:00

VOD

Have the link to the VOD?

Description

Time

  • Played on: May 26, 2018, 12:23 p.m.
  • Length: 13:44
Show
View Real Time Build Order
Export as new Build Order

CmoaShobi Terran 

Build Orders: Cyclone Opening 

Get SALT Encoding   

  12  0:01  SCV  
  13  0:13  SCV  
  14  0:18  Supply Depot  
  14  0:25  SCV  
  15  0:40  SCV  
  15  0:42  Barracks  
  16  0:47  Refinery  
  16  0:52  Refinery  
  16  0:55  SCV  
  17  1:07  SCV  
  18  1:19  SCV  
  19  1:33  Orbital Command, Barracks Reactor  
  19  1:46  Factory  
  19  2:00  SCV  
  20  2:04  Engineering Bay  
  20  2:09  Marine x2  
  20  2:14  Supply Depot  
  22  2:31  Supply Depot  
  22  2:42  Cyclone x2  
  28  3:14  Cyclone x2  
  28  3:18  Barracks Tech Lab  
  34  3:20  SCV  
  34  3:24  Supply Depot, Missile Turret  
  35  3:32  SCV  
  36  3:44  SCV  
  36  3:46  Cyclone  
  40  3:51  Marauder  
  40  3:54  Concussive Shells  
  42  4:08  Starport  
  42  4:13  Marauder  
  44  4:28  SCV  
  44  4:29  Bunker  
  45  4:34  Marauder  
  47  4:41  Supply Depot  
  47  4:54  Starport Reactor  
  47  4:57  Supply Depot  
  47  5:04  Marauder, Command Center  
  49  5:12  Bunker  
  49  5:13  SCV  
  50  5:17  Terran Infantry Weapons Level 1  
  50  5:36  SCV  
  50  5:38  Medivac  
  50  5:39  Medivac  
  55  5:44  Sensor Tower  
  55  5:48  SCV  
  58  5:57  Marauder  
  58  6:00  SCV  
  59  6:14  SCV  
  59  6:16  Refinery  
  60  6:25  Refinery, Marauder  
  62  6:31  Sensor Tower  
  62  6:32  Viking  
  64  6:41  Viking  
  66  6:57  Orbital Command  
  66  7:03  SCV  
  66  7:04  Barracks  
  67  7:16  Terran Infantry Armor Level 1  
  67  7:18  Viking  
  69  7:27  Barracks  
  69  7:35  Marauder  
  71  7:37  SCV  
  72  7:50  Viking  
  74  7:53  SCV  
  75  8:06  SCV  
  76  8:16  Barracks Reactor  
  76  8:18  SCV  
  77  8:20  Starport  
  77  8:23  Sensor Tower  
  77  8:32  Supply Depot  
  77  8:36  Supply Depot  
  77  8:40  Barracks Tech Lab  
  77  8:47  Armory  
  77  8:52  SCV  
  78  8:58  Marauder  
  78  9:01  Starport Reactor  
  80  9:04  Supply Depot  
  80  9:13  SCV  
  80  9:14  Engineering Bay  
  81  9:20  SCV  
  81  9:22  Marauder  
  81  9:23  Marauder  
  86  9:24  Marine  
  86  9:25  SCV  
  86  9:28  Stimpack  
  86  9:29  Combat Shields  
  88  9:32  SCV  
  88  9:35  Marine  
  90  9:42  Marine, Terran Ship Weapons Level 1  
  90  9:44  Marauder, SCV  
  90  9:45  Viking  
  96  9:56  SCV  
  97  10:17  Viking  
  97  10:18  Viking  
  97  10:20  Missile Turret  
  101  10:28  Missile Turret  
  101  10:30  Command Center  
  101  10:34  Missile Turret  
  101  10:35  SCV  
  102  10:40  Missile Turret  
  102  10:48  Sensor Tower  
  102  11:04  Terran Infantry Weapons Level 2  
  102  11:05  Factory  
  102  11:08  Barracks Tech Lab  
  102  11:27  Supply Depot  
  102  11:41  Missile Turret  
  102  11:42  Cyclone x2, SCV x2  
  110  11:49  Planetary Fortress  
  110  11:54  SCV  
  111  12:01  Missile Turret  
  111  12:06  SCV  
  104  12:18  SCV  
  105  12:24  Missile Turret  
  105  12:28  SCV  
  106  12:30  SCV, Sensor Tower  
  106  12:31  Medivac  
  106  12:32  Medivac x2  
  106  12:33  Medivac  
  106  12:36  Siege Tank  
  118  12:40  SCV  
  119  12:52  SCV  
  119  12:54  Marauder x2, Marine  
  119  12:57  Refinery  
  125  12:58  Marine  
  125  13:01  Refinery, Medivac  
  125  13:04  SCV  
  111  13:08  Siege Tank  
  94  13:15  Marauder  
  94  13:16  SCV  
  85  13:28  SCV  
Show
View Real Time Build Order
Export as new Build Order

Van Protoss 

Build Orders:  

Get SALT Encoding   

  12  0:00  Probe  
  13  0:13  Probe  
  14  0:21  Pylon  
  14  0:25  Probe  
  15  0:40  Probe  
  16  0:44  Forge  
  16  0:52  Probe  
  16  0:56  Pylon  
  17  1:04  Probe  
  18  1:16  Probe  
  19  1:20  Photon Cannon  
  19  1:24  Photon Cannon  
  19  1:33  Gateway  
  19  1:45  Pylon  
  19  1:52  Assimilator  
  19  1:53  Probe  
  20  2:00  Pylon  
  20  2:11  Photon Cannon  
  20  2:13  Photon Cannon  
  20  2:24  Cybernetics Core  
  20  2:34  Photon Cannon  
  17  2:51  Photon Cannon  
  13  3:13  Warp Gate  
  13  3:15  Probe  
  14  3:23  Probe  
  14  3:25  Assimilator  
  15  3:33  Probe  
  16  3:43  Probe  
  17  3:51  Probe  
  17  3:52  Stalker  
  20  3:57  Pylon  
  20  4:19  Robotics Facility  
  20  4:21  Gateway, Probe  
  21  4:33  Probe  
  22  4:45  Probe  
  23  4:56  Pylon  
  23  4:57  Probe  
  24  5:11  Probe  
  25  5:21  Observer  
  26  5:25  Nexus  
  26  5:30  Gateway  
  26  5:43  Immortal  
  26  5:48  Probe  
  31  5:56  Probe  
  32  6:04  Probe  
  33  6:16  Probe  
  34  6:22  Immortal  
  38  6:28  Probe  
  38  6:31  Protoss Ground Weapons Level 1  
  39  6:33  Probe  
  40  6:40  Probe  
  40  6:41  Probe  
  42  6:48  Pylon  
  42  6:51  Probe  
  42  6:52  Probe  
  44  7:00  Twilight Council  
  44  7:04  Probe  
  44  7:07  Warp Prism  
  47  7:10  Probe  
  48  7:16  Probe  
  49  7:23  Probe  
  49  7:26  Charge  
  49  7:29  Pylon  
  50  7:35  Probe  
  51  7:43  Immortal  
  55  7:47  Probe  
  55  7:48  Stalker x2  
  60  7:59  Probe  
  61  8:09  Photon Cannon  
  61  8:11  Probe  
  62  8:13  Gateway  
  62  8:14  Gateway  
  62  8:24  Immortal  
  66  8:29  Probe  
  66  8:31  Assimilator  
  67  8:36  Assimilator  
  67  8:37  Pylon  
  67  8:48  Protoss Ground Weapons Level 2  
  67  9:10  Probe  
  67  9:15  Probe  
  69  9:19  Immortal  
  69  9:21  Nexus  
  73  9:26  Pylon  
  73  9:27  Probe  
  73  9:29  Gateway  
  73  9:31  Gateway  
  74  9:37  Pylon  
  74  9:39  Probe  
  74  9:41  Pylon  
  75  9:48  Photon Cannon  
  75  9:50  Templar Archives  
  75  9:51  Probe  
  76  9:56  Gateway  
  71  10:03  Probe  
  68  10:14  Psionic Storm  
  68  10:15  Probe  
  69  10:23  Immortal, Probe  
  74  10:33  Probe x2  
  76  10:43  High Templar  
  76  10:44  High Templar x3  
  76  10:45  Probe x2  
  76  10:47  High Templar  
  88  10:55  Zealot x2  
  92  10:57  Probe x2  
  92  11:02  Immortal  
  98  11:05  Protoss Ground Weapons Level 3  
  98  11:08  Probe, Pylon  
  98  11:09  Probe  
  100  11:14  Zealot  
  100  11:17  Zealot  
  100  11:19  Zealot  
  100  11:20  Zealot  
  100  11:21  Probe  
  105  11:33  Pylon x2  
  105  11:37  Probe  
  106  11:43  Immortal, High Templar x2  
  110  11:49  Probe  
  115  12:02  Probe  
  115  12:04  Photon Cannon  
  115  12:05  Photon Cannon  
  116  12:14  Probe  
  113  12:26  Probe  
  113  12:27  Assimilator  
  113  12:28  Assimilator  
  114  12:30  Shield Battery  
  114  12:32  Shield Battery  
  114  12:33  Photon Cannon  
  114  12:34  Immortal  
  118  12:38  Probe  
  118  12:39  Photon Cannon  
  119  12:46  Photon Cannon  
  118  13:04  Archon x2  
  118  13:05  Stalker, Archon  
  116  13:06  Zealot x2  
  116  13:09  Zealot x2  
  120  13:13  Zealot x3  
  98  13:26  Zealot  
  74  13:27  Zealot  
Show
View Real Time Build Order
Export as new Build Order

ILIEKEGGPIE Protoss - Winner!

Build Orders:  

Get SALT Encoding   

  12  0:01  Probe  
  13  0:13  Probe  
  14  0:19  Pylon  
  14  0:25  Probe  
  15  0:33  Probe  
  15  0:41  Gateway, Probe  
  17  0:55  Assimilator  
  17  1:01  Probe  
  18  1:05  Pylon  
  18  1:13  Probe  
  19  1:22  Gateway  
  19  1:28  Cybernetics Core  
  19  1:32  Zealot  
  19  1:35  Probe  
  22  2:05  Warp Gate  
  22  2:07  Shield Battery  
  22  2:10  Stalker  
  24  2:16  Shield Battery  
  24  2:25  Shield Battery  
  24  2:28  Stalker  
  23  2:50  Stalker  
  24  3:09  Pylon  
  24  3:20  Assimilator  
  24  3:26  Stalker  
  24  3:28  Probe  
  25  3:36  Stalker  
  25  3:40  Probe  
  30  3:56  Probe  
  31  4:08  Probe  
  32  4:21  Nexus, Probe  
  33  4:24  Pylon  
  33  4:25  Stalker x2  
  37  4:45  Gateway  
  37  4:56  Robotics Facility  
  37  5:19  Gateway x2  
  37  5:25  Pylon  
  37  5:28  Forge  
  37  5:30  Probe  
  37  5:33  Probe  
  37  5:34  Pylon  
  39  5:41  Protoss Ground Weapons Level 1, Probe  
  39  5:46  Probe  
  41  5:53  Probe  
  42  5:58  Probe  
  42  6:00  Observer  
  43  6:05  Probe  
  43  6:10  Probe  
  46  6:18  Pylon  
  46  6:20  Stalker x2  
  46  6:21  Stalker  
  52  6:28  Probe x2  
  52  6:30  Assimilator  
  54  6:40  Probe  
  54  6:41  Observer  
  56  6:56  Observer, Pylon  
  56  6:58  Pylon  
  56  7:01  Assimilator  
  57  7:16  Probe x2  
  57  7:19  Twilight Council  
  59  7:27  Probe  
  59  7:31  Probe  
  61  7:39  Nexus  
  61  7:42  Pylon  
  61  7:43  Probe  
  62  7:44  Pylon  
  62  7:50  Robotics Facility  
  62  7:56  Dark Shrine  
  62  8:08  Pylon  
  62  8:12  Immortal  
  66  8:14  Stalker  
  66  8:16  Sentry x3  
  74  8:36  Shield Battery  
  74  8:38  Stalker  
  74  8:39  Stalker  
  74  8:40  Stalker  
  79  8:55  Probe  
  77  8:56  Probe  
  77  8:57  Probe  
  80  9:03  Probe  
  80  9:04  Probe  
  80  9:08  Gateway  
  83  9:10  Probe  
  83  9:11  Probe  
  83  9:12  Probe  
  83  9:13  Pylon  
  85  9:18  Dark Templar  
  85  9:21  Probe  
  85  9:22  Probe, Dark Templar  
  91  9:38  Assimilator  
  91  9:42  Robotics Bay  
  91  9:43  Assimilator  
  89  10:07  Charge  
  87  10:14  Dark Templar x2  
  87  10:15  Zealot x2  
  87  10:16  Zealot  
  87  10:21  Colossus  
  97  10:24  Colossus  
  97  10:29  Nexus  
  97  10:30  Pylon  
  97  10:33  Pylon  
  109  10:41  Pylon  
  109  10:47  Archon  
  108  10:50  Extended Thermal Lance  
  108  11:02  Zealot x3  
  114  11:09  Colossus  
  114  11:12  Colossus  
  125  11:42  Probe x3  
  125  11:47  Probe  
  129  11:52  Dark Templar x3  
  129  11:53  Dark Templar  
  138  11:54  Probe x2  
  139  12:06  Colossus  
  141  12:31  Colossus  
  141  12:33  Dark Templar x4  
  141  12:34  Dark Templar x2  
  159  12:37  Archon x3  
  159  12:44  Assimilator  
  159  12:47  Pylon  
  159  12:51  Assimilator  
  159  12:53  Templar Archives  
  159  12:54  Pylon  
  106  13:30  Stalker x2  
  106  13:32  Stalker x2, Dark Templar  
  106  13:33  Dark Templar  
Show
View Real Time Build Order
Export as new Build Order

BizMac Terran - Winner!

Build Orders: MMM Bio 

Get SALT Encoding   

  12  0:01  SCV  
  13  0:13  SCV  
  14  0:24  Supply Depot  
  14  0:27  SCV  
  15  0:43  Refinery  
  15  0:46  SCV  
  16  0:51  Barracks  
  16  1:01  SCV  
  17  1:19  Supply Depot  
  17  1:32  Barracks  
  17  1:37  Barracks  
  17  1:42  Reaper  
  18  1:49  Orbital Command  
  18  2:12  Engineering Bay  
  18  2:16  SCV  
  18  2:21  Supply Depot  
  19  2:27  Marine  
  19  2:29  Barracks Tech Lab  
  20  2:32  Barracks Reactor  
  20  3:15  SCV  
  21  3:29  SCV  
  21  3:35  Stimpack  
  21  3:37  Marine x3  
  24  3:42  Command Center  
  24  3:46  Refinery  
  24  3:52  Factory  
  24  3:54  SCV  
  25  3:58  Engineering Bay  
  25  4:07  Barracks Reactor  
  25  4:10  Marine x2  
  25  4:14  SCV  
  28  4:22  Missile Turret  
  28  4:28  Marine x2  
  30  4:43  Bunker  
  30  4:52  Starport  
  30  4:59  Orbital Command  
  30  5:16  Orbital Command  
  30  5:17  Missile Turret  
  30  5:31  Starport Reactor  
  30  5:35  Combat Shields  
  30  5:44  SCV  
  31  5:51  Missile Turret  
  31  5:53  Marine  
  31  5:54  Marauder, Marine x3  
  31  5:56  SCV  
  38  6:00  Terran Infantry Weapons Level 1  
  38  6:08  SCV x2  
  40  6:11  Marine x2  
  40  6:12  Refinery  
  40  6:15  Marauder  
  40  6:16  Refinery  
  44  6:20  SCV x2  
  46  6:33  SCV  
  46  6:36  Marauder  
  49  6:41  Command Center  
  49  6:45  SCV  
  50  6:49  Medivac x2  
  54  6:54  Terran Infantry Armor Level 1  
  54  7:07  Supply Depot  
  54  7:09  Supply Depot  
  54  7:21  Supply Depot  
  54  7:28  SCV  
  55  7:30  Supply Depot  
  55  7:40  SCV  
  56  7:52  SCV  
  57  8:04  SCV  
  58  8:15  Marauder, Marine x2  
  58  8:16  Marine x2  
  58  8:17  SCV  
  58  8:18  Medivac x2  
  69  8:23  Supply Depot  
  69  8:28  Armory  
  69  8:29  SCV  
  69  8:33  Marine  
  71  8:36  Marauder  
  71  8:40  Barracks  
  71  8:41  SCV  
  74  8:45  Barracks  
  74  8:53  SCV  
  75  8:58  Marauder  
  77  9:11  Planetary Fortress, Refinery  
  77  9:18  Terran Infantry Weapons Level 2  
  77  9:19  Terran Infantry Armor Level 2  
  77  9:23  Medivac x2  
  81  9:31  Marauder, Marine x3  
  83  9:32  Marine  
  83  9:38  Barracks Tech Lab  
  87  9:39  Barracks Reactor  
  87  9:48  Refinery  
  87  9:49  Marine x4  
  93  9:52  Marauder  
  95  10:14  Marauder  
  95  10:27  Marine x2  
  95  10:28  Marauder, Marine x4  
  99  10:33  Factory Tech Lab  
  99  10:35  Marauder  
  103  10:40  Missile Turret  
  103  10:45  Marine x3  
  103  10:46  Marine  
  103  10:49  Marauder  
  109  11:00  Supply Depot  
  109  11:02  Supply Depot  
  109  11:10  Viking  
  106  11:11  Viking  
  106  11:12  Marauder  
  106  11:35  Marauder, Marine x2  
  106  11:36  Marauder, Marine x4  
  116  11:40  Medivac  
  116  11:41  Medivac  
  120  11:53  Marine x3  
  120  11:54  Marine  
  124  12:11  Marauder  
  121  12:18  Marauder, Marine x3  
  121  12:19  Marine  
  125  12:34  Supply Depot x2  
  125  12:55  Marauder, Marine x2, SCV, Siege Tank  
  125  12:56  Marine  
  67  13:09  Marauder, Marine x3  
  66  13:13  Marine  
  66  13:17  Marauder  
  69  13:20  Marine  
  69  13:21  Marine  
  69  13:25  SCV  
Tags
 
Composition
MMM Bio
League
Platinum
Replay Pack
Multi
Add a new tag
Caveats
  • Supply blocks, unpowered buildings, or Contaminate may cause inaccurate times.
  • Supply counts are checked every 10 seconds.